 Dungeon Crawl Stone Soup version 0.26-a0-682-g294304f (webtiles) character file.

Game seed: 7745239079837797642

113571 Mopster the Slayer (level 16, -4/250 HPs)
             Began as a Minotaur Berserker on Oct 21, 2020.
             Was the Champion of Trog.
             Slain by an emperor scorpion (5 damage)
             ... on level 1 of the Spider Nest.
             The game lasted 02:15:41 (30763 turns).

Mopster the Slayer (Minotaur Berserker)            Turns: 30763, Time: 02:15:41

Health: -4/250     AC: 28    Str: 25    XL:     16   Next: 14%
Magic:  15/15      EV:  2    Int:  4    God:    Trog [******]
Gold:   1782       SH:  0    Dex: 17    Spells: 15/15 levels left

rFire    . . .     SeeInvis .   G - +12 dire flail of Giuhif {flame, rN+ MR+ Dex+3}
rCold    + . .     Faith    +   (shield currently unavailable)
rNeg     + + +     Spirit   .   (armour currently unavailable)
rPois    +         Reflect  .   (helmet currently unavailable)
rElec    .         Harm     .   (cloak currently unavailable)
rCorr    .         Rampage  .   (gloves currently unavailable)
MR       ++...     NoTele   +   (boots currently unavailable)
Stlth    ++........             z - amulet of faith
HPRegen  0.51/turn              m - ring of poison resistance
MPRegen  0.14/turn              V - ring of protection from cold

@: lethally poisoned (-4 -> -19), tree-form, berserk cooldown, slowed, very slow
A: (retaliatory headbutt)
a: Berserk, Trog's Hand, Brothers in Arms, Renounce Religion


You were on level 1 of the Spider Nest.
You worshipped Trog.
Trog was exalted by your worship.
You were a tree.
You visited 6 branches of the dungeon, and saw 27 of its levels.
You also visited: Bailey and Ice Cave.

You collected 3240 gold pieces.
You spent 1458 gold pieces at shops.

Inventory:

Hand Weapons
 B - a +2 mace of holy wrath
 G - the +12 dire flail of Giuhif (weapon) {flame, rN+ MR+ Dex+3}
   (Trog gifted it to you on level 9 of the Dungeon)

   It has been specially enchanted to burn those struck by it, causing extra
   injury to most foes and up to half again as much damage against particularly
   susceptible opponents.
   It affects your dexterity (+3).
   It protects you from negative energy.
   It affects your resistance to hostile enchantments.
 O - the +5 broad axe of Jyfoaleq {flame, rF+ Str+3 Int+2}
   (Trog gifted it to you on level 12 of the Dungeon)

   It has been specially enchanted to burn those struck by it, causing extra
   injury to most foes and up to half again as much damage against particularly
   susceptible opponents.
   Big, fiery blades are also staple armaments of hydra-hunters.
   It affects your strength (+3).
   It affects your intelligence (+2).
   It protects you from fire.
Missiles
 t - 3 throwing nets (quivered)
Armour
 y - a +1 plate armour of fire resistance
 D - a +1 cloak of magic resistance (melded)
 F - a +0 pair of gloves (melded)
 H - a +0 pair of boots (melded)
 I - a +1 plate armour of poison resistance
 N - a +1 hat of magic resistance (melded)
 T - a +0 crystal plate armour (melded)
Jewellery
 m - a ring of poison resistance (left branch)
 r - a +4 ring of protection
 v - an uncursed ring of stealth
 z - an amulet of faith (around neck)
 V - a ring of protection from cold (right branch)
 W - an uncursed amulet of reflection
Wands
 a - a wand of flame (46)
 n - a wand of digging (12)
 x - a wand of acid (6)
 M - a wand of random effects (30)
 Q - a wand of enslavement (6)
 S - a wand of disintegration (25)
 Y - a wand of paralysis (21)
Scrolls
 c - 2 scrolls of vulnerability
 d - a scroll of blinking
 g - 8 scrolls of teleportation
 h - 6 scrolls of fog
 j - 4 scrolls of magic mapping
 k - a scroll of brand weapon
 l - 7 scrolls of remove curse
 w - 4 scrolls of fear
 E - 7 scrolls of enchant weapon
 R - 6 scrolls of enchant armour
 X - a scroll of silence
Potions
 b - 4 potions of resistance
 e - 4 potions of flight
 f - 10 potions of curing
 o - 3 potions of haste
 p - a potion of magic {unknown}
 q - 4 potions of might
 s - 3 potions of degeneration {unknown}
 u - 2 potions of stabbing {unknown}
 C - a potion of cancellation
 J - 4 potions of lignification
 K - 6 potions of heal wounds
 L - a potion of experience {unknown}
Miscellaneous
 A - a condenser vane (2/2)


   Skills:
 * Level 21.3 Fighting
 - Level 3.9(10.0) Axes
 - Level 13.7(14.0) Maces & Flails
 + Level 17.3 Armour
 * Level 9.4 Dodging
 * Level 6.5 Evocations


You had 15 spell levels left.
You didn't know any spells.
Your spell library contained the following spells:

 Spells                   Type           Power        Failure   Level
 Magic Dart               Conj           #...         50%         1
 Sting                    Tmut/Pois      #...         50%         1
 Summon Small Mammal      Summ           #...         50%         1
 Blink                    Tloc           N/A          65%         2
 Call Imp                 Summ           #.......     65%         2
 Poisonous Vapours        Pois/Air       #.....       65%         2
 Searing Ray              Conj           #.....       65%         2
 Slow                     Hex            #.......     65%         2
 Call Canine Familiar     Summ           #.......     86%         3
 Confusing Touch          Hex            #.......     86%         3
 Conjure Flame            Conj/Fire      #.......     86%         3
 Dazzling Flash           Conj/Hex       #.....       86%         3
 Gell's Gravitas          Tloc           #.........   86%         3
 Ignite Poison            Fire/Tmut/Pois #.......     86%         3
 Mephitic Cloud           Conj/Pois/Air  #.......     86%         3
 Static Discharge         Conj/Air       #.......     86%         3
 Summon Guardian Golem    Hex/Summ       #.......     86%         3
 Fulminant Prism          Conj/Hex       #.........   99%         4
 Ice Form                 Ice/Tmut       #.......     99%         4
 Iskenderun's Mystic Bla  Conj/Tloc      #.......     99%         4
 Olgreb's Toxic Radiance  Pois           #.......     99%         4
 Petrify                  Tmut/Erth      #.......     99%         4
 Summon Ice Beast         Ice/Summ       #.......     99%         4
 Summon Lightning Spire   Summ/Air       #.......     99%         4
 Lightning Bolt           Conj/Air       #.........   100%        5
 Metabolic Englaciation   Hex/Ice        #.........   100%        5
 Yara's Violent Unravell  Hex/Tmut       #.........   100%        5
 Freezing Cloud           Conj/Ice/Air   #.........   100%        6
 Ozocubu's Refrigeration  Ice            #.........   100%        6
 Simulacrum               Ice/Necr       #.........   100%        6
 Ignition                 Fire           #.........   100%        8
 Shatter                  Erth           #.........   100%        9
 Tornado                  Air            #.........   100%        9


Dungeon Overview and Level Annotations

Branches:
Dungeon (15/15)            Temple (1/1) D:4            Lair (6/6) D:8
  Swamp (1/4) Lair:3       Spider (2/4) Lair:3        Slime (0/5) Lair:6
    Orc (2/2) D:12            Elf (0/3) Orc:2        Vaults (0/5) D:14
 Depths (0/5) D:15         Bailey (visited)           IceCv (visited)

Altars:
Ashenzari
Cheibriados
Dithmenos
Elyvilon
Fedhas
Gozag
Hepliaklqana
Kikubaaqudgha
Makhleb
Nemelex Xobeh
Okawaru
Qazlal
Ru
Sif Muna
Trog
Uskayaw
Vehumet
Wu Jian
Xom
Yredelemnul
Zin
The Shining One
Beogh
Jiyva

Shops:
D:7 }   Orc:2 :*[(

Portals:
Hell: Lair:6

Annotations:
Lair:4 2 transporters, Engugefu's ghost, journeyman DsTm


Innate Abilities, Weirdness & Mutations

((You reflexively headbutt those who attack you in melee.))
((You have a pair of horns on your head.))


Message History

The emperor scorpion claws you but does no damage. x2
Unknown command.
You impale the emperor scorpion!! You burn the emperor scorpion!
The emperor scorpion is heavily wounded.
You feel very sick. The emperor scorpion stings you!
* * * LOW HITPOINT WARNING * * *
The emperor scorpion claws you.
* * * LOW HITPOINT WARNING * * *
The emperor scorpion claws you but does no damage.
Aiming: Enslavement
Press: ? - help, Shift-Dir - straight line, f - emperor scorpion
Aim: an emperor scorpion (heavily wounded, chance to defeat MR: 30%)
The emperor scorpion easily resists.
* * * LOW HITPOINT WARNING * * *
You feel very sick. The emperor scorpion stings you.
* * * LOW HITPOINT WARNING * * *
The emperor scorpion claws you.
You die...

..###........###..##
#.#####.
..##........###.#..##
##.# ##
....##....####.###..##
#.## # ^..######.####.#
###.## #.###
....#......#(.##
##^###...#####
.....#####...###
##.#......... ....##
#...#..## #..##....###
##### ##.####s##
##.#....## ..# #.#
##♣#####......## ####
##.# ##....###....###
#.######.## ##....#
#......### ###.......##
##.....# #.........
#....#####.#
#......###.......#.
.....# #.##
#.....###..........
....## ##.#
#.....##...........
..###
#.###....##...........#
.###
##.##....##...........#


You could see an emperor scorpion.

Vanquished Creatures
  Jorgrun (Orc:1)
  Gastronok (D:12)
  A frost giant (IceCv)
  3 orc warlords
  An ettin (D:14)
  Snorg (D:12)
  An ice dragon (D:14)
  A yaktaur captain (D:15)
  9 hydras
  Fannar (D:11)
  A rakshasa (D:15)
  A catoblepas (Lair:5)
  3 centaur warriors (D:15)
  2 boulder beetles
  4 two-headed ogres
  4 death yaks
  Urug (Orc:2)
  4 orc high priests
  A sun demon (Lair:6)
  Sonja (Lair:4)
  A deep troll (D:14)
  A wizard (Lair:6)
  3 unseen horrors
  8 orc knights
  A wolf spider zombie (D:14)
  A deep elf mage (D:12)
  2 orb spiders (Spider:1)
  5 wolf spiders
  4 cyclopes
  7 orc sorcerers
  3 slime creatures (D:15)
  3 ugly things
  3 oklob plants
  A moth of wrath (Spider:1)
  2 manticores
  8 black mambas
  Maurice (D:8)
  A guardian serpent (shapeshifter) (D:14)
  A smoke demon (Lair:6)
  Joseph (D:7)
  10 cane toads
  14 komodo dragons
  3 orange demons (Lair:6)
  2 gargoyles
  5 torpor snails
  2 kobold demonologists
  An ice devil (Lair:6)
  8 rime drakes
  An efreet (D:14)
  2 yaktaurs (D:15)
  4 demonic crawlers (Spider:1)
  The ghost of edsrzf the Sneak, a novice OpEn of Cheibriados (D:4)
  A red devil (Lair:6)
  8 trolls
  4 jumping spiders
  21 polar bears
  4 blink frogs
  13 dream sheep
  Sigmund (D:5)
  14 redbacks
  A shadow (D:12)
  7 tarantellas
  74 yaks
  2 wraiths
  7 wyverns
  A vampire (D:15)
  A hog (shapeshifter) (D:15)
  Menkaure (D:7)
  4 basilisks
  A steam dragon (Lair:3)
  4 vampire mosquitoes
  A warg (Orc:1)
  Edmund (D:5)
  5 hell hounds (Lair:6)
  A soldier ant (D:12)
  3 acid dragons
  14 water moccasins
  37 orc warriors
  2 necrophages (D:10)
  A swamp drake (Swamp:1)
  5 sky beasts
  4 phantoms
  3 ice beasts
  9 centaurs
  8 ogres
  An eye of draining (D:15)
  3 black bears (D:8)
  12 wolves (IceCv)
  2 big kobolds
  14 bullfrogs
  2 wyvern zombies
  2 wyvern skeletons
  3 scorpions
  17 killer bees
  12 wights
  2 howler monkeys (D:14)
  4 centaur zombies
  5 hounds
  2 bullfrog zombies
  24 orc priests
  7 centaur skeletons
  A jelly (D:7)
  24 orc wizards
  A bullfrog skeleton (D:12)
  4 iguanas
  12 worker ants
  A killer bee zombie (D:5)
  A hound skeleton (D:10)
  A worker ant zombie (D:8)
  19 adders
  3 gnolls (D:3)
  A shadow imp (D:7)
  3 white imps
  2 oozes (D:2)
  3 adder zombies
  4 worms
  6 leopard geckos
  144 orcs
  10 bats
  12 giant cockroaches
  9 goblins
  7 hobgoblins
  11 jackals
  9 quokkas
  2 ball pythons
  6 frilled lizards
  12 kobolds
  A leopard gecko skeleton (D:2)
  2 quokka skeletons (D:9)
  2 quokka zombies
  3 rats
  A bush (Lair:1)
  2 plants
846 creatures vanquished.

Vanquished Creatures (collateral kills)
  An orc sorcerer (Orc:2)
  3 orc warriors (Orc:2)
  An ogre (Orc:1)
  3 orc priests (Orc:2)
  4 orc wizards (Orc:2)
  5 orcs (Orc:2)
17 creatures vanquished.

Vanquished Creatures (others)
  An orc knight (Orc:2)
  An orc priest (Orc:1)
  2 orcs
  2 bushes (Lair:6)
  26 fungi
  26 plants
58 creatures vanquished.

Grand Total: 921 creatures vanquished

Notes
Turn   | Place    | Note
-------+----------+-------------------------------------------
     0 | D:1      | Mopster the Minotaur Berserker began the quest for the Orb.
     0 | D:1      | Reached XP level 1. HP: 19/19 MP: 0/0
   235 | D:1      | Reached XP level 2. HP: 24/27 MP: 1/1
   414 | D:1      | Reached skill level 4 in Fighting
   574 | D:1      | Reached skill level 1 in Maces & Flails
   958 | D:2      | Reached XP level 3. HP: 27/33 MP: 2/2
  1156 | D:2      | Reached ** piety under Trog
  1187 | D:2      | Found an ancient bone altar of Kikubaaqudgha.
  1189 | D:2      | Found a bloodstained altar of Trog.
  1189 | D:2      | Found a broken altar of Ashenzari.
  1189 | D:2      | Found a stormy altar of Qazlal.
  1220 | D:2      | Noticed a bullfrog
  1228 | D:2      | Killed a bullfrog
  1228 | D:2      | Reached XP level 4. HP: 28/41 MP: 3/3
  1491 | D:2      | Reached XP level 5. HP: 47/47 MP: 4/4
  1827 | D:2      | Found an ornate altar of the Wu Jian Council.
  2457 | D:3      | Reached skill level 5 in Fighting
  2869 | D:4      | Found a staircase to the Ecumenical Temple.
  2880 | D:4      | Noticed an ogre
  2888 | D:4      | Killed an ogre
  2888 | D:4      | Reached *** piety under Trog
  2888 | D:4      | Reached skill level 5 in Maces & Flails
  2888 | D:4      | Reached XP level 6. HP: 56/56 MP: 5/5
  3087 | D:4      | Reached XP level 7. HP: 58/61 MP: 6/6
  3123 | D:4      | Found a sacrificial altar of Ru.
  3387 | D:4      | Found an iron altar of Okawaru.
  3387 | D:4      | Found a burning altar of Makhleb.
  3413 | D:4      | Found a runed translucent gate.
  3413 | D:4      | Found a runed translucent gate.
  3414 | D:4      | Found a runed translucent gate.
  3414 | D:4      | Noticed edsrzf's ghost (novice OpEn)
  3545 | D:4      | Killed edsrzf's ghost
  3582 | D:5      | Entered Level 5 of the Dungeon
  3662 | D:5      | Reached skill level 5 in Armour
  3761 | D:5      | Noticed Sigmund
  3795 | D:5      | Killed Sigmund
  3795 | D:5      | Reached **** piety under Trog
  3795 | D:5      | Reached XP level 8. HP: 70/70 MP: 7/7
  3824 | D:5      | Noticed Edmund
  3828 | D:5      | Reached skill level 6 in Fighting
  3838 | D:5      | Killed Edmund
  4555 | D:6      | Reached skill level 10 in Maces & Flails
  4701 | D:6      | Reached XP level 9. HP: 63/78 MP: 8/8
  5030 | D:6      | Reached ***** piety under Trog
  5391 | D:7      | Found a white marble altar of Elyvilon.
  5409 | D:7      | Reached skill level 7 in Fighting
  5889 | D:7      | Noticed Joseph
  5898 | D:7      | Killed Joseph
  5977 | D:7      | Noticed Menkaure
  5983 | D:7      | Killed Menkaure
  6245 | D:7      | Found Ikhenn's Gadget Shoppe.
  6583 | D:8      | Noticed a two-headed ogre
  6593 | D:8      | Killed a two-headed ogre
  6593 | D:8      | Reached skill level 8 in Fighting
  6593 | D:8      | Reached XP level 10. HP: 88/88 MP: 9/9
  6704 | D:8      | Noticed Maurice
  6721 | D:8      | Killed Maurice
  6729 | D:8      | Found a roughly hewn altar of Beogh.
  7045 | D:8      | Found a staircase to the Lair.
  7202 | D:8      | Found a hazy altar of Hepliaklqana.
  7528 | D:9      | Received a gift from Trog
  7536 | D:9      | Got a steaming dire flail {god gift}
  7545 | D:9      | Identified the +12 dire flail of Giuhif {flame, rN+ MR+
                  | Dex+3} (Trog gifted it to you on level 9 of the Dungeon)
  7658 | D:9      | Noticed a brown ugly thing
  7678 | D:9      | Killed a brown ugly thing
  7678 | D:9      | Reached skill level 9 in Fighting
  7678 | D:9      | Reached skill level 10 in Armour
  8098 | D:9      | Reached XP level 11. HP: 99/99 MP: 10/10
  8108 | D:9      | Reached skill level 10 in Fighting
  8340 | Temple   | Entered the Ecumenical Temple
  8785 | D:10     | Entered Level 10 of the Dungeon
  9332 | D:10     | Noticed a two-headed ogre
  9338 | D:10     | Killed a two-headed ogre
  9338 | D:10     | Reached skill level 11 in Fighting
  9755 | D:11     | Reached ****** piety under Trog
  9884 | D:11     | Killed an unseen horror
 10107 | D:11     | Reached skill level 12 in Fighting
 10204 | D:11     | Noticed Fannar
 10213 | D:11     | Killed Fannar
 10748 | D:12     | Noticed Gastronok
 10757 | D:12     | Killed Gastronok
 10757 | D:12     | Received a gift from Trog
 10757 | D:12     | Reached skill level 13 in Fighting
 10761 | D:12     | Got a shimmering broad axe {god gift}
 10762 | D:12     | Identified the +5 broad axe of Jyfoaleq {flame, rF+ Str+3
                  | Int+2} (Trog gifted it to you on level 12 of the Dungeon)
 10769 | D:12     | Noticed a brown ugly thing
 10776 | D:12     | Killed a brown ugly thing
 10859 | D:12     | Found a staircase to the Orcish Mines.
 10902 | D:12     | Reached XP level 12. HP: 115/115 MP: 11/11
 11123 | D:12     | Noticed a two-headed ogre
 11136 | D:12     | Killed a two-headed ogre
 11390 | D:12     | Reached skill level 14 in Fighting
 11777 | D:12     | Noticed Snorg
 11788 | D:12     | Killed Snorg
 11981 | D:13     | Found a flagged portal.
 11993 | Bailey   | Entered a bailey
 12990 | D:13     | Reached skill level 15 in Fighting
 13388 | D:13     | Received a gift from Trog
 13477 | D:13     | Noticed a boulder beetle
 13482 | D:13     | Killed a boulder beetle
 14158 | D:14     | Reached skill level 5 in Dodging
 14250 | D:14     | Reached XP level 13. HP: 127/127 MP: 12/12
 14686 | D:14     | Noticed an ettin
 14698 | D:14     | Killed an ettin
 14698 | D:14     | Reached skill level 1 in Evocations
 14783 | D:14     | Reached skill level 16 in Fighting
 14980 | D:14     | Found a gate to the Vaults.
 15380 | D:15     | Entered Level 15 of the Dungeon
 15490 | D:15     | Received a gift from Trog
 15818 | D:15     | Found a staircase to the Depths.
 16404 | D:15     | Reached skill level 17 in Fighting
 16648 | D:15     | Reached skill level 15 in Armour
 16983 | Lair:1   | Entered Level 1 of the Lair of Beasts
 18168 | Lair:1   | Received a gift from Trog
 18180 | Lair:1   | Found a snail-covered altar of Cheibriados.
 18190 | Lair:1   | Reached XP level 14. HP: 125/139 MP: 13/13
 18800 | Lair:2   | Found a frozen archway.
 18809 | IceCv    | Entered an ice cave
 19560 | IceCv    | Reached skill level 18 in Fighting
 19900 | IceCv    | Noticed a frost giant
 19937 | IceCv    | Killed a frost giant
 20619 | Lair:2   | Received a gift from Trog
 21598 | Lair:3   | Reached skill level 19 in Fighting
 22078 | Lair:3   | Found a staircase to the Swamp.
 22264 | Lair:3   | Found a hole to the Spider Nest.
 22313 | Swamp:1  | Entered Level 1 of the Swamp
 22390 | Spider:1 | Entered Level 1 of the Spider Nest
 22597 | Lair:4   | Reached skill level 5 in Evocations
 22733 | Lair:4   | Found a transporter.
 22736 | Lair:4   | Found a transporter.
 22739 | Lair:4   | Noticed Engugefu's ghost (journeyman DsTm)
 22793 | Lair:4   | Reached XP level 15. HP: 151/151 MP: 14/14
 22794 | Lair:4   | Received a gift from Trog
 22970 | Lair:4   | You fall into a shaft and drop 2 floors!
 22970 | Lair:6   | Entered Level 6 of the Lair of Beasts
 23189 | Lair:4   | Noticed Sonja
 23209 | Lair:4   | Killed Sonja
 23391 | Lair:4   | Found an ornate altar of the Wu Jian Council.
 24324 | Lair:6   | Found a viscous altar of Jiyva.
 24324 | Lair:6   | Found a staircase to the Slime Pits.
 24999 | Lair:6   | Reached skill level 20 in Fighting
 25054 | Lair:6   | Found a burning altar of Makhleb.
 25101 | Lair:6   | Found a gateway to Hell.
 26191 | Orc:1    | Entered Level 1 of the Orcish Mines
 26193 | Orc:1    | Noticed an orc warlord
 26211 | Orc:1    | Killed an orc warlord
 26393 | Orc:2    | Entered Level 2 of the Orcish Mines
 26811 | Orc:2    | Found a staircase to the Elven Halls.
 26815 | Orc:2    | Found a radiant altar of Vehumet.
 26915 | Orc:2    | Noticed Urug
 26920 | Orc:2    | Killed Urug
 27060 | Orc:2    | Noticed an orc warlord
 27071 | Orc:2    | Received a gift from Trog
 27093 | Orc:2    | Killed an orc warlord
 27866 | Orc:2    | Found Teghenec's General Store.
 27867 | Orc:2    | Found Hyrphau's Book Emporium.
 27868 | Orc:2    | Found Jefacs's Antique Armour Emporium.
 27868 | Orc:2    | Found Jufimi Eroy's Antique Weapon Shoppe.
 27892 | Orc:2    | Bought a shiny plate armour for 702 gold pieces
 27892 | Orc:2    | Bought a heavily runed plate armour for 756 gold pieces
 27912 | Orc:2    | Identified the +1 plate armour "Qejaiclau" {Harm} (You
                  | bought it in a shop on level 2 of the Orcish Mines)
 28301 | Orc:1    | Noticed Jorgrun
 28554 | Orc:1    | Killed Jorgrun
 28930 | Orc:1    | Noticed an orc warlord
 28941 | Orc:1    | Killed an orc warlord
 28941 | Orc:1    | Reached skill level 21 in Fighting
 29463 | Spider:1 | Reached XP level 16. HP: 156/166 MP: 15/15
 30746 | Spider:2 | Received a gift from Trog
 30762 | Spider:1 | HP: 12/250 [emperor scorpion (11)]
 30763 | Spider:1 | HP: 4/250 [poisoned by a redback]
 30763 | Spider:1 | HP: 1/250 [emperor scorpion (3)]
 30763 | Spider:1 | Slain by an emperor scorpion

Illustrated notes

Levels and vault maps discovered:
D:1:      mushboom_english_gardens, layout_basic
D:2:      layout_loops_ring, grunt_temple_overflow_open, marbit_many_paths,
          minmay_misc_feat_diagonals
D:3:      layout_basic, minmay_misc_feat_enclosed, hex_large
D:4:      layout_cave_pools, nicolae_ru_great_annihilating_truth,
          gammafunk_temple_overflow_wave, minmay_temple_entry_sparse_star,
          gammafunk_ghost_necromancy
D:5:      layout_rooms, sigmund_edmund_badplayer
D:6:      layout_loops_ring, kennysheep_diamond,
          hangedman_abyss_or_decor_stagger, uniq_edmund
D:7:      layout_gridville, kennysheep_mini, serial_shops, shop_statue,
          uniq_menkaure, uniq_joseph
D:8:      layout_cave_pools, lemuel_doored_altar,
          grunt_lair_entry_orc_guard_hut, roderic_nine_men_s_morris,
          david_defended_altar_orc, uniq_maurice
D:9:      layout_roguey
D:10:     layout_irregular_city
D:11:     layout_small_grid, uniq_fannar
D:12:     layout_irregular_city, david_orc_2, kennysheep_generic_room_9,
          uniq_snorg, uniq_gastronok
D:13:     layout_small_grid, enter_bailey_2
D:14:     layout_roguey, david_vaults_4, hangedman_decor_opposing
D:15:     grunt_enter_depths_snipers, layout_irregular_city,
          serial_park_avenue1, drop_trap
Temple:   minmay_temple_forest_path
Lair:1:   layout_layer_cave, minmay_lair_oklob_bushes, kennysheep_snail_temple,
          grunt_megastairs_5
Lair:2:   layout_regular_city, portal_ice_cave_entry_pillars_2,
          minmay_lair_oklob_chamber
Lair:3:   layout_regular_city, swamp_mist, spider_nest_entry_funnel_web,
          grunt_megastairs_2
Lair:4:   layout_roguey, gammafunk_ghost_arena, lemuel_centaur_altar, uniq_sonja
Lair:5:   layout_roguey, hangedman_lair_unloving_vines,
          chequers_serial_rivers_micro_a, hibernation_bobbens
Lair:6:   evil_forest, layout_cave_pods, slime_altar_1
Swamp:1:  layout_falls_marsh, nicolae_swamp_fairy_circle,
          infiniplex_staircase_pool
Spider:1: layout_chambers
Spider:2: layout_spider_delve, drop_trap
Orc:1:    layout_caves, minmay_orc_barracks, uniq_jorgrun
Orc:2:    st_orc_congregation, layout_caves, basic_altar, guppyfry_library_mini,
          uniq_urug

Skill      XL: |  1  2  3  4  5  6  7  8  9 10 11 12 13 14 15 |
---------------+----------------------------------------------+-----
Fighting       | 4 5 6 8 9 13 15 17 19 21 | 21.3
Maces & Flails | 1 3 5 6 8 10 12 13 | 13.7
Armour         | 3 4 5 6 8 10 12 13 15 16 17 | 17.3
Dodging        | 3 4 5 6 8 9 |  9.4
Evocations     | 3 5 6 |  6.5
Axes           | |  3.9

Action                   |  1- 3 |  4- 6 |  7- 9 | 10-12 | 13-15 | 16-18 || total
-------------------------+-------+-------+-------+-------+-------+-------++-------
Melee: Hand axe          |     8 |       |       |       |       |       ||     8
       Whip              |    54 |   120 |   266 |   133 |       |       ||   573
       Headbutt          |     8 |    17 |    46 |   117 |   259 |    15 ||   462
       Flail             |       |       |     1 |       |       |       ||     1
       Dire flail        |       |       |       |   409 |   963 |    70 ||  1442
Invok: Berserk           |     1 |     4 |    12 |    20 |    26 |     2 ||    65
       Trog's Hand       |       |       |     2 |       |    11 |       ||    13
       Brothers in Arms  |       |       |       |       |     4 |       ||     4
Evoke: Condenser vane    |       |       |       |       |     4 |       ||     4
       Wand              |       |       |       |       |     3 |     1 ||     4
  Use: Scroll            |     1 |       |    13 |     8 |    18 |     1 ||    41
       Potion            |       |       |       |       |     2 |     2 ||     4
 Stab: Invisible         |       |     1 |       |       |       |       ||     1
       Petrified         |       |       |       |       |     3 |       ||     3
       Confused          |       |       |       |       |     2 |       ||     2
Armor: Animal skin       |     8 |       |       |       |       |       ||     8
       Ring mail         |     4 |     8 |       |       |       |       ||    12
       Chain mail        |       |    51 |    76 |       |       |       ||   127
       Plate armour      |       |       |    22 |   184 |       |       ||   206
       Crystal plate arm |       |       |       |    50 |   625 |    80 ||   755
       Skin              |       |       |       |       |       |    13 ||    13
Dodge: Dodged            |    31 |    60 |    70 |   163 |   364 |    45 ||   733

Table legend: (Time is in decaauts)
 A = Elapsed time spent in this place.
 B = Non-inter-level travel time spent in this place.
 C = Inter-level travel time spent in this place.
 D = Time resting spent in this place.
 E = Time spent auto-exploring this place.
 F = Levels seen in this place.
 G = Mean time per level.
                   A        B        C        D        E       F      G
               +--------+--------+--------+--------+--------+-----+--------+
         Total |  30584 |  26227 |   4357 |   5000 |  15675 |  29 | 1054.6 |
       Dungeon |  15883 |  14040 |   1843 |   2183 |   9134 |  15 | 1058.9 |
        Temple |    352 |    310 |     42 |      0 |    310 |   1 |  352.0 |
          Lair |   7515 |   6272 |   1243 |    602 |   4405 |   6 | 1252.5 |
         Swamp |     41 |     29 |     12 |      0 |      0 |   1 |   41.0 |
   Spider Nest |   1509 |   1108 |    401 |    262 |    615 |   2 |  754.5 |
  Orcish Mines |   2895 |   2080 |    815 |    789 |    703 |   2 | 1447.5 |
        Bailey |    959 |    959 |      0 |    586 |     42 |   1 |  959.0 |
      Ice Cave |   1427 |   1427 |      0 |    576 |    464 |   1 | 1427.0 |
               +--------+--------+--------+--------+--------+-----+--------+

Top non-repeatable levels by time:
   Orc:2: 2033 daAuts
  Lair:1: 1829 daAuts
  Lair:6: 1700 daAuts
    D:14: 1503 daAuts
Spider:1: 1493 daAuts
    D:15: 1459 daAuts
   IceCv: 1427 daAuts
    D:12: 1295 daAuts
  Lair:3: 1208 daAuts
  Lair:2: 1097 daAuts
     D:7: 1096 daAuts
     D:2: 1088 daAuts
    D:11: 1067 daAuts
    D:13: 1014 daAuts
     D:6: 1001 daAuts
